 Dungeon Crawl Stone Soup version 0.30-a0-476-g330ca2eb8e (webtiles) character file.

Game seed: 18029703574837909478

1346022 cforsyth the Intangible (level 27, 199/199 HPs)
             Began as a Merfolk Summoner on Dec 20, 2022.
             Was the Champion of Jiyva.
             Escaped with the Orb
             ... and 3 runes on Dec 21, 2022!
             The game lasted 05:18:36 (118508 turns).

cforsyth the Intangible (Merfolk Summoner)        Turns: 118508, Time: 05:18:36

Health: 199/199    AC: 22    Str: 12    XL:     27
Magic:  52/52      EV: 35    Int: 39    God:    Jiyva [******]
Gold:   3304       SH:  0    Dex: 11    Spells: 20/58 levels left

rFire   + . .      SeeInvis +      - Unarmed
rCold   + . .      Faith    .    (shield currently unavailable)
rNeg    + . .      Spirit   .    (body armour currently unavailable)
rPois   ∞          Reflect  .    (helmet currently unavailable)
rElec   +          Harm     .    (cloak currently unavailable)
rCorr   +          Rampage  .    (gloves currently unavailable)
Will    +++++      Clarity  +    (boots currently unavailable)
Stlth   +.........               i - amulet of the Four Winds {rN+ Will+++ Clar}
HPRegen 2.13/turn                L - ring of the Tired Underlurkers {MP+9 Str+5 Int+4 Dex-5}
MPRegen 0.83/turn                T - ring of Qunahol {rF+ rC+ Str-2 Int+5 SInv}

@: storm-form, flying, studying 2 skills
A: cleaving, insubstantial, flying, (nimble swimmer 2), (mertail), (iridescent
scales 1), see invisible, clever 2, frail 2, (acidic bite), (pseudopods 1),
(tendrils), (sturdy frame 2)
0: Orb of Zot
}: 3/15 runes: barnacled, slimy, gossamer
a: Blinkbolt, End Transformation, Renounce Religion, Oozemancy, Slimify


You escaped.
You worshipped Jiyva.
Jiyva was exalted by your worship.
You were a lightning-filled tempest!
You visited 13 branches of the dungeon, and saw 56 of its levels.
You also visited: Sewer, Gauntlet and Volcano.

You collected 20879 gold pieces.
You spent 4705 gold pieces at shops.
You paid 12870 gold pieces to Gozag.

Inventory:

Missiles
 Z - 2 throwing nets
Armour
 a - a +2 hat of willpower (melded)
 b - a +2 cloak (melded)
 f - a +1 pair of gloves of dexterity (melded)
 m - the +4 faerie dragon scales (melded) {rElec rF+ Will+++ rCorr MP+3}
   (You took it off the Enchantress on level 2 of the Depths)

   rF:        It protects you from fire.
   rElec:     It insulates you from electricity.
   MP:        It affects your magic capacity (+3).
   rCorr:     It protects you from acid and corrosion.
   Will:      It greatly increases your willpower.
 E - the +1 pair of boots "Taiwop" (melded) {Dex+4}
   (You found it on level 6 of the Dungeon)

   Dex:       It affects your dexterity (+4).
Magical Staves
 Q - a staff of air (melded)
Jewellery
 c - the ring of the Vendetta {rN+ Will+ Dex+2}
   (You took it off a skeletal warrior on level 3 of the Crypt)

   [ring of positive energy]

   Dex:       It affects your dexterity (+2).
   rN:        It protects you from negative energy.
   Will:      It increases your willpower.
 i - the amulet of the Four Winds (around neck) {rN+ Will+++ Clar}
   (You bought it in a shop on level 1 of the Lair of Beasts)

   [amulet of nothing]

   rN:        It protects you from negative energy.
   Clar:      It protects you against confusion.
   Will:      It greatly increases your willpower.
 r - the amulet of the Evening {-Tele rF+++ Regen+ Int-2 Dex+9}
   (You took it off Jory on level 3 of the Crypt)

   [amulet of regeneration]

   Int:       It affects your intelligence (-2).
   Dex:       It affects your dexterity (+9).
   rF:        It renders you almost immune to fire.
   -Tele:     It prevents most forms of teleportation.
   Regen:     It increases your rate of health regeneration.
 w - a ring of protection from cold
 H - the ring "Kalesm" {Ice rElec rPois Int+6 Stlth+}
   (You found it on level 3 of the Elven Halls)

   [ring of ice]

   It enhances your ice magic.
   Int:       It affects your intelligence (+6).
   rF:        It makes you vulnerable to fire.
   rC:        It protects you from cold.
   rElec:     It insulates you from electricity.
   rPois:     It protects you from poison.
   Stlth:     It makes you more stealthy.
 L - the ring of the Tired Underlurkers (left fist) {MP+9 Str+5 Int+4 Dex-5}
   (You acquired it on level 3 of the Dungeon)

   [ring of magical power]

   Str:       It affects your strength (+5).
   Int:       It affects your intelligence (+4).
   Dex:       It affects your dexterity (-5).
   MP:        It affects your magic capacity (+9).
 T - the ring of Qunahol (right fist) {rF+ rC+ Str-2 Int+5 SInv}
   (You bought it in a shop on level 1 of the Lair of Beasts)

   [ring of protection from cold]

   Str:       It affects your strength (-2).
   Int:       It affects your intelligence (+5).
   rF:        It protects you from fire.
   rC:        It protects you from cold.
   SInv:      It lets you see invisible.
 U - the ring "Lifyzej" {rN+ Int+3}
   (You took it off a vampire mage on level 3 of the Crypt)

   [ring of positive energy]

   Int:       It affects your intelligence (+3).
   rN:        It protects you from negative energy.
Wands
 q - a wand of flame (97)
 G - a wand of charming (74)
 I - a wand of mindburst (39)
 M - a wand of light (11)
 P - a wand of polymorph (19)
Scrolls
 e - 2 scrolls of immolation
 g - 7 scrolls of teleportation
 h - 4 scrolls of amnesia
 j - 4 scrolls of blinking
 l - 6 scrolls of vulnerability
 p - 10 scrolls of fog
 v - 3 scrolls of brand weapon
 x - 2 scrolls of silence
 y - 13 scrolls of fear
 B - 5 scrolls of torment
 F - 10 scrolls of enchant armour
 R - 3 scrolls of poison
 W - 10 scrolls of magic mapping
 X - 3 scrolls of summoning
Potions
 d - 5 potions of heal wounds
 k - 9 potions of flight
 n - 6 potions of invisibility
 o - 8 potions of might
 s - 19 potions of haste
 t - 9 potions of mutation
 u - 5 potions of ambrosia
 z - 27 potions of curing
 A - 7 potions of magic
 C - 11 potions of brilliance
 J - 8 potions of attraction
 K - 9 potions of cancellation
 S - 5 potions of berserk rage
 V - 4 potions of resistance
 Y - 6 potions of lignification


   Skills:
 O Level 27 Fighting
 O Level 27 Dodging
 - Level 2.1 Stealth
 - Level 3.0 Shields
 + Level 26.7 Unarmed Combat
 - Level 16.0 Spellcasting
 - Level 5.0 Hexes
 - Level 11.5 Summonings
 - Level 5.0 Translocations
 - Level 18.0 Transmutations
 - Level 12.2 Air Magic


You had 20 spell levels left.
You knew the following spells:

 Your Spells              Type           Power      Damage    Failure   Level
a - Storm Form            Tmut/Air       49%        N/A       1%          7
b - Manifold Assault      Tloc           63%        N/A       1%          4
c - Call Canine Familiar  Summ           88%        N/A       1%          3
d - Summon Guardian Gole  Hex/Summ       77%        N/A       1%          3
e - Summon Lightning Spi  Summ/Air       89%        N/A       1%          4
f - Summon Forest         Summ/Tloc      38%        N/A       1%          5
g - Summon Cactus Giant   Summ           44%        N/A       1%          6
h - Blink                 Tloc           100%       N/A       1%          2
i - Passage of Golubria   Tloc           63%        N/A       1%          4

Your spell library contained the following spells:

 Spells                   Type           Power      Damage    Failure   Level
 Beastly Appendage        Tmut           100%       N/A       0%          1
 Summon Small Mammal      Summ           100%       N/A       0%          1
 Call Imp                 Summ           88%        N/A       0%          2
 Wereblood                Tmut           100%       N/A       0%          2
 Apportation              Tloc           100%       N/A       1%          1
 Freeze                   Ice            100%       1d10      1%          1
 Kiss of Death            Conj/Necr      100%       2d13      1%          1
 Magic Dart               Conj           100%       1d8       1%          1
 Necrotise                Necr           100%       1d9       1%          1
 Sandblast                Erth           62%        2d14      1%          1
 Cigotuvi's Dreadful Rot  Necr/Pois/Air  100%       N/A       1%          2
 Passwall                 Tmut/Erth      65%        N/A       1%          2
 Searing Ray              Conj           62%        2d6       1%          2
 Sublimation of Blood     Necr           31%        N/A       1%          2
 Gell's Gravitas          Tloc           63%        N/A       1%          3
 Portal Projectile        Hex/Tloc       100%       N/A       1%          3
 Spider Form              Tmut/Pois      79%        N/A       1%          3
 Teleport Other           Tloc           63%        N/A       1%          3
 Tukima's Dance           Hex            63%        N/A       1%          3
 Vhi's Electric Charge    Tloc/Air       100%       N/A       1%          3
 Ice Form                 Ice/Tmut       79%        N/A       1%          4
 Summon Ice Beast         Ice/Summ       66%        N/A       1%          4
 Alistair's Intoxication  Tmut/Pois      52%        N/A       1%          5
 Blade Hands              Tmut           53%        N/A       1%          5
 Silence                  Hex/Air        39%        N/A       1%          5
 Summon Mana Viper        Hex/Summ       77%        N/A       1%          5
 Yara's Violent Unravell  Hex/Tmut       44%        3d17      1%          5
 Arcjolt                  Conj/Air       34%        1d44      2%          5
 Frozen Ramparts          Ice            62%        1d10      3%          3
 Hailstorm                Conj/Ice       31%        3d8       3%          3
 Ozocubu's Armour         Ice            31%        N/A       3%          3
 Stone Arrow              Conj/Erth      62%        3d10      3%          3
 Vampiric Draining        Necr           31%        2d8       3%          3
 Fulminant Prism          Conj/Hex       25%        3d14      3%          4
 Eringya's Noxious Bog    Tmut/Pois      39%        N/A       3%          6
 Statue Form              Tmut/Erth      52%        N/A       3%          6
 Freezing Cloud           Conj/Ice/Air   29%        6-21      5%          5
 Monstrous Menagerie      Summ           44%        N/A       8%          7
 Summon Hydra             Summ           44%        N/A       8%          7
 Animate Dead             Necr           31%        N/A       10%         4
 Dispel Undead            Necr           31%        3d14      10%         4
 Metabolic Englaciation   Hex/Ice        25%        N/A       10%         5
 Dispersal                Tloc           31%        N/A       21%         6
 Agony                    Necr           31%        N/A       28%         5
 Borgnjor's Vile Clutch   Necr/Erth      15%        N/A       28%         5
 Iskenderun's Battlesphe  Conj           31%        2d8       28%         5
 Maxwell's Capacitive Co  Air            45%        ∞         41%         8
 Haunt                    Necr/Summ      33%        N/A       63%         7
 Spellforged Servitor     Conj/Summ      33%        N/A       63%         7
 Enfeeble                 Hex            31%        N/A       73%         7
 Death Channel            Necr           15%        N/A       83%         6
 Iron Shot                Conj/Erth      15%        9d4       83%         6
 Simulacrum               Ice/Necr       15%        N/A       83%         6
 Starburst                Conj/Fire      15%        6d6       83%         6
 Necromutation            Tmut/Necr      39%        N/A       86%         8
 Disjunction              Tloc           31%        N/A       100%        8
 Lehudib's Crystal Spear  Conj/Erth      15%        10d5      100%        8
 Polar Vortex             Ice            15%        N/A       100%        9


Dungeon Overview and Level Annotations

Branches:
Dungeon (15/15)            Temple (1/1) D:7            Lair (5/5) D:8
 Shoals (4/4) Lair:2       Spider (4/4) Lair:2        Slime (5/5) Lair:4
    Orc (2/2) D:10            Elf (3/3) Orc:2        Vaults (4/5) D:14
  Crypt (3/3) Vaults:3       Tomb (1/3) Crypt:3      Depths (4/4) D:15
    Zot (5/5) Depths:4      Sewer (visited)         Volcano (visited)
Gauntlet (visited)

Altars:
Ashenzari
Dithmenos
Elyvilon
Gozag
Hepliaklqana
Kikubaaqudgha
Makhleb
Qazlal
Ru
Sif Muna
Trog
Uskayaw
Vehumet
Wu Jian
Xom
Yredelemnul
Zin
Jiyva

Shops:
D:3 (*[?   D:4 *   D:11 =   D:13 !?   Orc:2 *(??   Elf:1 (   Elf:2 :(   Elf:3 (
Lair:1 ??==:*==:*   Shoals:1 *   Vaults:2 [   Vaults:3 :[!   Depths:3 (
Depths:4 *[[

Portals:
Hell: Depths:1 Depths:2 Depths:3 Depths:4
Abyss: Depths:2 Depths:3
Pandemonium: Depths:2
Ziggurat: Depths:2

Annotations:
Slime:5 Royal Jelly


Innate Abilities, Weirdness & Mutations

You are a lightning-filled tempest!
Your electrical attacks strike out in all directions at once.
You are incredibly evasive.
Your insubstantial body is immune to petrification, constriction, and being set on fire You are flying.
You are immune to poison.
Your armour is entirely melded.
You are incapable of wielding weapons or throwing items.
((You are very nimble when in or above water. (Stealth+, EV+, Speed+++)))
((Your lower body shifts to a powerful aquatic tail in water.))
((You are partially covered in iridescent scales. (AC +2)))
You have supernaturally acute eyesight. (SInv)
Your mind is very acute. (Int +8, Str/Dex -2)
You are very frail. (-20% HP)
((You have acidic saliva.))
((Armour fits poorly on your pseudopods.))
((You are covered in slimy tendrils that may disarm your opponents.))
((Your movements are less encumbered by armour. (ER -4)))


Message History

You punch the soul eater!
The soul eater is severely wounded.
You buffet the soul eater!
Lightning courses through the soul eater!
You kill the soul eater!
(D) Dungeon (T) Temple (L) Lair (A) Shoals (N) Spider Nest (M) Slime Pits (O) Orcish Mines (E) Elven Halls (V) Vaults (C) Crypt (W) Tomb (U) Depths (H) Hell (Z) Zot
Where to? (Enter - D:1, ? - help)
There is a stone staircase leading up here.
You fly upwards.
There is a stone staircase leading down here.
A lorocyproca comes into view.
You blast the lorocyproca!!!
The lorocyproca is severely wounded.
You buffet the lorocyproca!
Your punch misses the lorocyproca.
The lorocyproca is almost dead.
The lorocyproca barely misses you.
You blast the lorocyproca!!!!
You kill the lorocyproca!
A sixfirhy comes into view.
The sixfirhy misses you. The sixfirhy attacks as you move away!
The sixfirhy completely misses you.
You miss the sixfirhy.
Unknown command.
You batter the sixfirhy!!
The sixfirhy is heavily wounded.
You miss the sixfirhy.
The sixfirhy is heavily wounded.
You blast the sixfirhy!!!
You kill the sixfirhy!
Aiming: Dig
Press: ? - help, Shift-Dir - straight line A rock wall.
This square is covered in magical glow.
The rock shatters into small pieces.
The now-empty wand crumbles to dust.
There is an open door here.
There is a staircase leading out of the dungeon here.
You have escaped!

##..# ##......###...... #...#
#.###........### ####.### #.#
##.##....# ###.##.# #.#
#.##..#[# #...##.#
#.####.##..#.# #.####.#
#####..........#.### #.'....#
#...#......##.##....
#.####.###.#.#.#######.######
#####...##..'..#v#.....# #.#
...####>##.###.#.#####.# #.#
#### ####.# #...#
#.###.###### ####.# #####
#........... ##.##.#
#.########## ##..##.# #####.#
#...##.#######.....#
#.⌠.'..#.....#.#####
#..(##.#.8.8.#.#


There were no monsters in sight!

Vanquished Creatures
  3 dread liches (Zot:5)
  5 orbs of fire
  Khufu (Crypt:3)
  7 ancient liches
  2 juggernauts
  2 royal mummies
  Boris (twice) (Crypt:1 Depths:4)
  Vv (Zot:2)
  7 Killer Klowns
  Frederick (Depths:4)
  A shard shrike (Zot:4)
  A caustic shrike (Depths:3)
  3 curse toes
  8 golden dragons
  Jory (Crypt:3)
  2 bone dragons (Depths:4)
  the Enchantress (Depths:2)
  5 electric golems
  Mlioglotl (Spider:3)
  17 tentacled monstrosities
  A hellephant (Zot:4)
  A shard shrike zombie (Crypt:3)
  6 liches
  27 Orb Guardians
  Asterion (Depths:2)
  A walking earthen tome (Depths:3)
  3 deep elf blademasters (Elf:3)
  7 quicksilver dragons
  A walking divine tome (Depths:3)
  A walking crystal tome (Depths:3)
  3 titans
  20 acid blobs
  4 ancient champions
  3 deep elf master archers (Elf:3)
  9 sphinxes
  An Executioner (D:11)
  A kraken (Shoals:4)
  10 death cobs
  7 shadow dragons
  12 storm dragons
  Donald (Spider:1)
  5 draconian monks
  11 draconian knights
  3 azure jellies
  8 rockslimes
  7 fire giants
  9 vault wardens
  2 frost giants
  6 emperor scorpions
  9 ironbound preservers
  3 caustic shrike zombies
  11 ghost moths
  14 draconian scorchers
  Louise (Depths:3)
  8 draconian shifters
  4 ghouls
  A cacodemon (D:13)
  A curse skull (Crypt:2)
  A deep elf sorcerer (Elf:3)
  A juggernaut zombie (Crypt:3)
  7 draconian stormcallers
  A deep elf elementalist (Elf:3)
  A reaper (Crypt:2)
  6 spriggan defenders
  16 draconian annihilators
  6 ironbound thunderhulks
  6 green draconians
  A war gargoyle (Vaults:3)
  A broodmother (Spider:4)
  4 quicksilver oozes
  16 very ugly things
  10 stone giants
  A caustic shrike skeleton (Depths:3)
  A deep elf demonologist (Elf:3)
  7 yellow draconians
  17 vampire knights
  A lorocyproca (D:1)
  8 black draconians
  7 purple draconians
  The ghost of MrSquiggles the Brawler, a journeyman TrFi of Wu Jian (D:13)
  Azrael (Spider:1)
  12 red draconians
  5 spark wasps
  7 deep elf annihilators (Elf:3)
  12 dire elephants
  3 eidola
  15 white draconians
  6 merfolk javelineers
  11 fire dragons
  5 mummy priests (Tomb:1)
  5 merfolk impalers
  7 ettins
  A blizzard demon (Depths:2)
  8 deep elf death magi
  3 entropy weavers
  14 jiangshi
  8 yaktaur captains
  A fenstrider witch zombie (Crypt:3)
  2 rakshasas
  A vault guard (Vaults:4)
  2 peacekeepers
  3 ice dragons
  10 great orbs of eyes
  4 spriggan air magi
  A radroach (Spider:4)
  3 merfolk avatars
  5 merfolk aquamancers
  4 ironbound frosthearts
  3 death knights
  A satyr (Shoals:4)
  21 dancing weapons
  An azure jelly zombie (Crypt:1)
  13 centaur warriors
  6 tengu warriors
  3 alligator snapping turtles
  10 deep troll earth magi
  10 death scarabs
  6 spriggan berserkers
  14 vampire magi
  9 deep troll shamans
  2 titan zombies
  9 spriggans
  8 hell knights
  11 deep elf knights
  2 soul eaters
  2 storm dragon zombies
  6 pharaoh ants
  A sixfirhy (D:1)
  38 deep trolls
  A shadow wraith (Crypt:2)
  A storm dragon skeleton (Depths:3)
  5 iron trolls
  38 skeletal warriors
  3 steelbarb worms
  16 sea snakes
  An anaconda zombie (Crypt:3)
  4 orb spiders
  6 lindwurms
  7 flayed ghosts
  9 deep elf archers
  8 ironbound convokers
  7 wizards
  21 phantasmal warriors
  12 deep elf pyromancers
  14 harpies
  2 orc knights (Vaults:2)
  An eleionoma zombie (Crypt:2)
  9 shining eyes
  10 necromancers
  20 deep elf zephyrmancers
  12 manticores
  32 ugly things
  24 wolf spiders
  3 fauns (Shoals:4)
  19 moths of wrath
  A naga mage (Vaults:4)
  12 vault sentinels
  A frost giant skeleton (Crypt:2)
  10 merfolk sirens
  4 water nymphs
  3 eyes of devastation
  2 torpor snails
  A death yak zombie (Crypt:3)
  8 demonic crawlers
  42 yaktaurs
  5 freezing wraiths
  2 tengu conjurers
  A hellwing (Depths:4)
  A catoblepas skeleton (Crypt:3)
  10 guardian mummies
  A yellow draconian skeleton (Crypt:3)
  31 merfolk
  A polar bear (Vaults:1)
  A sea snake skeleton (Crypt:3)
  22 tarantellas
  8 hornets
  6 wind drakes
  2 spriggan zombies
  84 slime creatures
  A guardian serpent zombie (Crypt:2)
  A harpy skeleton (Crypt:2)
  13 snapping turtles
  25 jumping spiders
  12 culicivoras
  A spriggan (shapeshifter) (Elf:3)
  9 water elementals
  8 flying skulls
  An elf simulacrum (Vaults:3)
  4 ushabtiu (Tomb:1)
  3 golden eyes
  5 wraiths
  3 neqoxecs (D:13)
  48 redbacks
  A wind drake skeleton (Crypt:1)
  5 fire elementals
  2 hydra simulacra (Zot:4)
  A naga skeleton (Tomb:1)
  A water nymph skeleton (Crypt:3)
  3 hell hounds (Spider:1)
  A demonspawn skeleton (Crypt:1)
  A human skeleton (Vaults:3)
  5 orc warriors (Vaults:2)
  2 boggarts (Vaults:1)
  4 earth elementals (Elf:2)
  6 necrophages
  A wight (D:8)
  A shapeshifter zombie (Crypt:2)
  A water moccasin skeleton (Crypt:3)
  A raiju skeleton (Crypt:3)
  An electric eel (Spider:1)
  An orc priest (Vaults:2)
  A human zombie (Crypt:2)
  A basilisk zombie (Crypt:2)
  A killer bee zombie (Crypt:3)
  10 mummies
  A howler monkey skeleton (Crypt:2)
  2 adders
  A goblin (D:4)
  A ball python (Sewer)
  3 tentacles (Shoals:4)
1486 creatures vanquished.

Vanquished Creatures (collateral kills)
  Xtahua (Crypt:3)
  A deep elf blademaster (Elf:3)
  A walking frostbound tome (Depths:3)
  A deep elf master archer (Elf:3)
  A tengu reaver (Vaults:4)
  2 ancient champions
  2 emperor scorpions
  A deep elf sorcerer (Elf:3)
  A vault warden (Vaults:3)
  2 ghouls (Crypt:1)
  An ironbound thunderhulk (Vaults:4)
  2 deep elf elementalists (Elf:3)
  A stone giant (D:15)
  Nessos (Lair:5)
  2 vampire knights (Crypt:3)
  2 dire elephants (Vaults:1)
  A deep elf death mage (Elf:3)
  2 ettins (Orc:2)
  4 jiangshi
  Erolcha (Orc:2)
  2 catoblepae (Lair:5)
  3 vault guards (D:14)
  An ogre mage (D:14)
  2 two-headed ogres (D:11)
  7 death yaks
  6 centaur warriors
  2 death knights
  6 dancing weapons
  4 tengu warriors
  6 boulder beetles
  2 orc high priests
  A hell knight (Volcano)
  A titan zombie (Crypt:3)
  3 deep elf knights
  Sonja (Orc:2)
  A soul eater (Crypt:3)
  A sixfirhy (Gauntlet)
  A titan skeleton (Vaults:3)
  A fire crab (Gauntlet)
  9 skeletal warriors
  3 orb spiders
  A glowing orange brain (Vaults:1)
  4 deep trolls
  2 steelbarb worms
  4 wizards
  A lindwurm (Vaults:2)
  9 orc knights
  5 phantasmal warriors
  A bog body (Crypt:1)
  An ironbound convoker (Vaults:3)
  2 harpies
  3 orc sorcerers
  11 deep elf pyromancers
  3 deep elf zephyrmancers
  A wolf spider (Spider:2)
  6 cyclopes
  11 ugly things
  4 manticores
  Maurice (Orc:1)
  2 black mambas
  A torpor snail (Lair:4)
  A vault sentinel (Vaults:3)
  2 gargoyles (D:14)
  7 cane toads (Lair:5)
  An unseen horror (D:11)
  A demonic crawler (Spider:1)
  3 komodo dragons (Lair:2)
  7 rime drakes
  An efreet (D:13)
  3 yaktaurs
  4 guardian mummies (Crypt:3)
  A tengu conjurer (D:15)
  6 trolls
  A merfolk (Shoals:4)
  A harpy zombie (Crypt:2)
  An unseen horror skeleton (Crypt:2)
  6 blink frogs
  A tarantella (Spider:4)
  5 slime creatures (D:13)
  2 snapping turtles (Shoals:2)
  A centaur simulacrum (D:14)
  2 flying skulls
  7 jumping spiders
  A shadow (D:7)
  Sigmund (D:3)
  9 wraiths
  4 culicivoras
  17 yaks
  13 wyverns
  2 fire elementals (Spider:1)
  5 basilisks
  8 vampire mosquitoes
  Grum (D:11)
  6 fire bats (Gauntlet)
  12 redbacks
  5 wargs
  11 water moccasins
  4 hell hounds
  2 acid dragons (D:11)
  37 orc warriors
  A sky beast (D:8)
  2 ice beasts (D:8)
  8 ogres
  2 boggarts (Vaults:1)
  5 wolves
  18 centaurs
  3 phantoms
  7 kobold brigands
  7 bullfrogs
  A rime drake skeleton (Crypt:3)
  A necrophage (Crypt:1)
  A gnoll sergeant (D:10)
  6 scorpions
  4 wights
  6 killer bees
  An electric eel (D:7)
  8 howler monkeys
  5 hounds
  11 jellies
  13 orc priests
  3 iguanas
  15 orc wizards
  3 hell rats (Lair:3)
  Terence (D:3)
  4 nameless horrors
  6 mummies (Crypt:3)
  5 gnolls
  8 adders
  A river rat (Sewer)
  A shadow imp (D:6)
  3 white imps
  An ufetubus (D:6)
  3 dart slugs
  76 orcs
  5 endoplasms
  8 giant cockroaches
  7 goblins
  7 hobgoblins
  3 jackals (Sewer)
  5 quokkas
  10 ball pythons
  5 bats
  12 frilled lizards
  15 kobolds
  13 rats
  A spectral kobold (D:9)
699 creatures vanquished.

Vanquished Creatures (others)
  A death cob (Zot:4)
  An eldritch tentacle (Zot:5)
  A draconian shifter (Zot:1)
  A ghoul (Crypt:1)
  A deep elf high priest (Elf:3)
  Fannar (Orc:1)
  A vault guard (D:14)
  A hydra (Lair:3)
  A catoblepas (Lair:5)
  A radroach (Spider:1)
  2 two-headed ogres (D:10)
  16 death yaks
  A skeletal warrior (D:15)
  5 glowing orange brains
  A deep elf zephyrmancer (Elf:3)
  2 ugly things
  A cyclops (shapeshifter) (Depths:2)
  2 manticores
  3 elephants (Lair:1)
  2 black mambas
  A torpor snail (shapeshifter) (Depths:3)
  A komodo dragon (Lair:1)
  2 cane toads
  2 yaktaurs
  Psyche (D:8)
  A golden dragon simulacrum (Depths:1)
  A troll (D:10)
  4 polar bears
  2 jumping spiders
  A stone giant simulacrum (Depths:1)
  A dream sheep (shapeshifter) (D:13)
  A spriggan zombie (Depths:1)
  2 culicivoras (Lair:2)
  10 yaks
  2 wyverns
  A vampire (D:10)
  A wraith (D:13)
  2 basilisks
  6 humans (D:6)
  2 redbacks
  2 wargs
  A water moccasin (Lair:1)
  6 orc warriors
  A black bear (D:6)
  An ice beast (D:8)
  4 wolves (Lair:1)
  4 centaurs
  A kobold brigand (D:10)
  A bullfrog (shapeshifter) (D:13)
  A scorpion (D:7)
  A bullfrog (Lair:1)
  A necrophage (Crypt:1)
  7 wights
  4 killer bees (D:8)
  118 jellies
  An orc priest (Elf:3)
  2 gnolls (D:7)
  A swamp drake skeleton (Crypt:1)
  A white imp (D:8)
  4 orcs
  An endoplasm (Lair:4)
  A giant cockroach (shapeshifter) (D:13)
  A goblin (shapeshifter) (D:13)
  A ball python (shapeshifter) (D:13)
  40 fungi
  179 plants
  49 snaplasher vines
  4 tentacles (Shoals:4)
527 creatures vanquished.

Grand Total: 2712 creatures vanquished

Notes
Turn   | Place    | Note
-------+----------+-------------------------------------------
     0 | D:1      | cforsyth the Merfolk Summoner began the quest for the Orb.
     0 | D:1      | Reached XP level 1. HP: 13/13 MP: 3/3
   130 | D:1      | Reached XP level 2. HP: 12/19 MP: 1/5
   144 | D:1      | Learned a level 2 spell: Call Imp
   576 | D:1      | Reached XP level 3. HP: 24/24 MP: 3/6
   585 | D:1      | Learned a level 3 spell: Call Canine Familiar
  2106 | D:2      | Identified the +0 scale mail of Zeaseon {rF++}
  2397 | D:3      | Found a glowing drain.
  2418 | D:3      | Reached XP level 4. HP: 30/30 MP: 5/8
  2435 | Sewer    | Entered a sewer
  2444 | Sewer    | Noticed a kobold brigand
  2490 | Sewer    | Killed a kobold brigand
  2491 | Sewer    | Reached skill level 5 in Summonings
  2491 | Sewer    | Reached XP level 5. HP: 30/35 MP: 4/10
  2610 | Sewer    | Learned a level 3 spell: Summon Guardian Golem
  2771 | Sewer    | Noticed a kobold brigand
  2791 | Sewer    | Noticed a kobold brigand
  2801 | Sewer    | Killed a kobold brigand
  2802 | Sewer    | Reached skill level 1 in Hexes
  2838 | Sewer    | Killed a kobold brigand
  2839 | Sewer    | Reached XP level 6. HP: 30/41 MP: 5/12
  3382 | Sewer    | Reached XP level 7. HP: 46/46 MP: 6/13
  3595 | D:3      | Learned a level 4 spell: Summon Lightning Spire
  3608 | D:3      | Found Bamyxkou's Magic Scroll Shoppe.
  3636 | D:3      | You fall into a shaft and drop 2 floors!
  3636 | D:5      | Entered Level 5 of the Dungeon
  3975 | D:4      | Found a glowing silver altar of Zin.
  3975 | D:4      | Found Zin's Purification Station.
  4264 | D:4      | Reached skill level 1 in Fighting
  4666 | D:5      | Reached skill level 1 in Air Magic
  4851 | D:5      | Reached XP level 8. HP: 43/56 MP: 6/15
  5026 | D:5      | Reached skill level 5 in Spellcasting
  6411 | D:6      | Identified the +1 pair of boots "Taiwop" {Dex+4}
  6546 | D:6      | Reached skill level 5 in Dodging
  6546 | D:6      | Reached skill level 1 in Shields
  6560 | D:6      | Reached XP level 9. HP: 55/64 MP: 3/17
  8194 | D:7      | Reached skill level 5 in Hexes
  8343 | D:7      | Found a shimmering altar of Xom.
  8693 | D:7      | Reached XP level 10. HP: 67/72 MP: 11/19
  8789 | D:7      | Found a staircase to the Ecumenical Temple.
  8832 | Temple   | Entered the Ecumenical Temple
  8838 | Temple   | Became a worshipper of Gozag Ym Sagoz the Greedy
  9018 | D:7      | Found a white marble altar of Elyvilon.
  9121 | D:8      | Reached skill level 5 in Fighting
  9408 | D:8      | Found an ornate altar of the Wu Jian Council.
 10019 | D:8      | Noticed Psyche
 10581 | D:8      | Found a staircase to the Lair.
 11294 | D:8      | Killed Psyche
 12310 | D:9      | Identified the amulet of Limpey {Faith SInv}
 12498 | D:9      | Found a hazy altar of Hepliaklqana.
 12849 | D:10     | Entered Level 10 of the Dungeon
 13101 | D:10     | Reached skill level 5 in Air Magic
 13101 | D:10     | Reached XP level 11. HP: 83/83 MP: 7/22
 13377 | D:3      | Noticed Sigmund
 13390 | D:3      | Killed Sigmund
 13483 | D:3      | Found Jeomot's Weapon Boutique.
 13525 | D:3      | Found an ancient bone altar of Kikubaaqudgha.
 13595 | D:3      | Found Ubrur's General Store.
 13607 | D:3      | Noticed Terence
 13612 | D:3      | Killed Terence
 13661 | D:3      | Found Idwifosu's Armour Shoppe.
 14876 | D:10     | Noticed a two-headed ogre
 14891 | D:10     | Killed a two-headed ogre
 15344 | D:10     | Noticed a two-headed ogre
 15351 | D:10     | Killed a two-headed ogre
 15610 | D:10     | Noticed an orc knight
 15730 | D:10     | Found a staircase to the Orcish Mines.
 16588 | Lair:1   | Entered Level 1 of the Lair of Beasts
 17378 | Lair:1   | Reached skill level 10 in Dodging
 17774 | Lair:1   | Reached skill level 10 in Summonings
 18343 | Lair:1   | Bought a Fen Folio for 462 gold pieces
 18458 | Lair:2   | Reached XP level 12. HP: 89/94 MP: 18/24
 18718 | Lair:2   | Reached skill level 1 in Translocations
 19341 | Lair:2   | Found a staircase to the Shoals.
 19682 | Lair:2   | Found a hole to the Spider Nest.
 20585 | Lair:3   | Noticed a four-headed hydra
 20599 | Lair:3   | Killed a four-headed hydra
 20734 | Lair:3   | Learned a level 5 spell: Summon Forest
 23138 | D:3      | Bought a scroll of acquirement for 676 gold pieces
 23142 | D:3      | Acquired the ring of the Tired Underlurkers {MP+9 Str+5
                  | Int+4 Dex-5}
 23491 | Lair:4   | Noticed a death yak
 23495 | Lair:4   | Noticed a death yak
 23498 | Lair:4   | Killed a death yak
 23501 | Lair:4   | Killed a death yak
 23545 | Lair:4   | Reached XP level 13. HP: 103/103 MP: 25/26
 23580 | Lair:4   | Found a staircase to the Slime Pits.
 23700 | Lair:4   | Reached skill level 10 in Fighting
 23727 | Lair:4   | Reached skill level 10 in Spellcasting
 23757 | Lair:4   | Found a dark tunnel.
 23766 | Volcano  | Entered a volcano
 24063 | Volcano  | Found a bloodstained altar of Trog.
 24423 | Lair:4   | Found a viscous altar of Jiyva.
 25307 | Lair:5   | Entered Level 5 of the Lair of Beasts
 25359 | Lair:5   | Noticed Nessos
 25382 | Lair:5   | Killed Nessos
 25666 | Lair:5   | Identified the +5 chain mail of the Equinox {*Corrode Fly
                  | rF- Will+++}
 26207 | Lair:5   | Reached skill level 5 in Translocations
 26507 | Lair:5   | Reached XP level 14. HP: 115/115 MP: 22/28
 26817 | Lair:5   | Reached skill level 15 in Dodging
 28462 | Orc:1    | Entered Level 1 of the Orcish Mines
 28752 | Orc:1    | Noticed Fannar
 28780 | Orc:1    | Killed Fannar
 28939 | Orc:1    | Noticed Maurice
 28958 | Orc:1    | Killed Maurice
 29158 | Orc:2    | Entered Level 2 of the Orcish Mines
 29228 | Orc:2    | Found a gate leading to a gauntlet.
 29237 | Gauntlet | Entered a Gauntlet
 29237 | Gauntlet | Found a transporter.
 29253 | Gauntlet | Found a transporter.
 29256 | Gauntlet | Found a transporter.
 29257 | Gauntlet | Found a transporter.
 29268 | Gauntlet | Found a transporter.
 29268 | Gauntlet | Found a transporter.
 29269 | Gauntlet | Found a transporter.
 29280 | Gauntlet | Found a transporter.
 29281 | Gauntlet | Found a transporter.
 29283 | Gauntlet | Noticed a dire elephant
 29285 | Gauntlet | Found a transporter.
 29290 | Gauntlet | Found a transporter.
 29292 | Gauntlet | Found a transporter.
 29293 | Gauntlet | Found a transporter.
 29307 | Gauntlet | Found a transporter.
 30640 | Gauntlet | Identified the +1 hat of an ossuary {Dex+5}
 31397 | Orc:2    | Noticed Sonja
 31410 | Orc:2    | Killed Sonja
 33348 | Orc:2    | Found a staircase to the Elven Halls.
 33370 | Orc:2    | Reached skill level 1 in Transmutations
 33632 | Orc:2    | Noticed Erolcha
 33658 | Orc:2    | Killed Erolcha
 34797 | Orc:2    | Found Winlic's Magic Scroll Emporium.
 34797 | Orc:2    | Found Muigibe's Antique Weapon Boutique.
 34797 | Orc:2    | Found Meguanij's General Store.
 34800 | Orc:2    | Found Kocuasmi's Magic Scroll Shoppe.
 35028 | Lair:1   | Bought the Lectures on Mutagenic Combustion for 528 gold
                  | pieces
 35120 | D:11     | Reached XP level 15. HP: 125/125 MP: 28/29
 35437 | D:11     | Reached skill level 5 in Transmutations
 36010 | D:11     | Found a sacrificial altar of Ru.
 36419 | D:11     | Found Nupen's Jewellery Shoppe.
 36711 | D:11     | Noticed Grum
 36714 | D:11     | Killed Grum
 37490 | D:12     | Found a broken altar of Ashenzari.
 38634 | D:13     | Found Qyni's Distillery.
 38925 | D:13     | Found a runed translucent gate.
 38925 | D:13     | Found a runed translucent gate.
 38925 | D:13     | Found a runed translucent gate.
 39055 | D:13     | Found Caero's Magic Scroll Shoppe.
 39785 | D:14     | Got Zykou's Monograph on Stones and Glaciation
 39800 | D:14     | Found a radiant altar of Vehumet.
 39907 | D:14     | Identified the +2 leather armour of Incorporation {+Inv
                  | rElec rPois}
 40528 | D:14     | Reached skill level 10 in Transmutations
 41839 | D:14     | Found a gate to the Vaults.
 43056 | D:15     | Entered Level 15 of the Dungeon
 43722 | D:15     | Reached XP level 16. HP: 132/132 MP: 30/30
 43871 | D:15     | Found a staircase to the Depths.
 44948 | D:15     | Learned a level 7 spell: Storm Form
 45124 | Orc:2    | Bought a +2 buckler of protection for 322 gold pieces
 45256 | Lair:1   | Bought the ring of Qunahol {rF+ rC+ Str-2 Int+5 SInv} for
                  | 742 gold pieces
 45352 | Spider:1 | Entered Level 1 of the Spider Nest
 45427 | Spider:1 | Noticed Donald
 45966 | Spider:1 | Killed Donald
 46843 | Spider:1 | Identified the +1 robe of Insurance {rC+ Slay+2}
 46843 | Spider:1 | Noticed Azrael
 46849 | Spider:1 | Reached skill level 10 in Air Magic
 47525 | Spider:1 | Killed Azrael
 52709 | Spider:2 | Reached skill level 15 in Transmutations
 53248 | Spider:3 | Noticed Mlioglotl
 53268 | Spider:3 | Noticed a bone dragon
 53274 | Spider:3 | Killed Mlioglotl
 53783 | Spider:3 | Reached XP level 17. HP: 120/138 MP: 24/31
 53974 | Spider:4 | Entered Level 4 of the Spider Nest
 57833 | Spider:4 | Acquired 1012 gold pieces
 58495 | Spider:4 | Reached skill level 1 in Unarmed Combat
 59309 | Spider:4 | Gained mutation: You do not regenerate when monsters are
                  | visible. [mutagenic glow]
 59666 | Spider:3 | Lost mutation: You do not regenerate when monsters are
                  | visible. [potion of mutation]
 59666 | Spider:3 | Gained mutation: Your mind is acute. (Int +4, Str/Dex -1)
                  | [potion of mutation]
 59666 | Spider:3 | Gained mutation: You are weak. (Str -2) [potion of
                  | mutation]
 59666 | Spider:3 | Gained mutation: Your mind is very acute. (Int +8, Str/Dex
                  | -2) [potion of mutation]
 59667 | Spider:3 | Lost mutation: You are weak. (Str -2) [potion of mutation]
 59667 | Spider:3 | Lost mutation: Your mind is very acute. (Int +8, Str/Dex
                  | -2) [potion of mutation]
 59667 | Spider:3 | Gained mutation: You have a beak for a mouth. [potion of
                  | mutation]
 59667 | Spider:3 | Gained mutation: Your body sometimes deteriorates upon
                  | taking damage. [potion of mutation]
 59667 | Spider:3 | Gained mutation: You are clumsy. (Dex -2) [potion of
                  | mutation]
 60399 | Spider:4 | Got a gossamer rune of Zot
 61312 | Lair:1   | Bought a scroll of blinking for 75 gold pieces
 61374 | Shoals:1 | Entered Level 1 of the Shoals
 61417 | Shoals:1 | Learned a level 4 spell: Manifold Assault
 63034 | Shoals:1 | Found Hat Uwuu's Assorted Antiques.
 64980 | Shoals:2 | Reached XP level 18. HP: 142/147 MP: 24/32
 64995 | Shoals:2 | Learned a level 2 spell: Blink
 65000 | Shoals:2 | Learned a level 4 spell: Passage of Golubria
 66811 | Shoals:3 | Reached skill level 5 in Unarmed Combat
 68808 | Shoals:4 | Entered Level 4 of the Shoals
 70097 | Shoals:4 | Reached skill level 15 in Fighting
 75452 | Shoals:4 | Got a barnacled rune of Zot
 76272 | Lair:1   | Bought the Codex of Overcast Command for 640 gold pieces
 76280 | Lair:1   | Learned a level 6 spell: Summon Cactus Giant
 76392 | Vaults:1 | Entered Level 1 of the Vaults
 76986 | Vaults:1 | Reached XP level 19. HP: 106/157 MP: 30/34
 78270 | Vaults:1 | Identified the +0 buckler "Dydeefru" {Str+4 Dex-3}
 79482 | Vaults:2 | Found Homimeu's Armour Boutique.
 81265 | Vaults:3 | Found Joonwau's Antique Weapon Shoppe.
 81291 | Vaults:3 | Found Pititiv's Distillery.
 81299 | Vaults:3 | Bought a potion of haste for 140 gold pieces
 81299 | Vaults:3 | Bought a potion of heal wounds for 70 gold pieces
 81299 | Vaults:3 | Bought a potion of heal wounds for 70 gold pieces
 81299 | Vaults:3 | Bought a potion of heal wounds for 70 gold pieces
 81394 | Vaults:3 | HP: 2/154 [vault warden/+0 glaive (37)]
 81823 | Vaults:3 | Reached skill level 10 in Unarmed Combat
 82208 | Vaults:3 | Found Porchun's Armour Shoppe.
 82344 | Vaults:3 | Reached XP level 20. HP: 144/168 MP: 36/36
 82571 | Vaults:3 | Found Malusirgh's Book Shoppe.
 82622 | Vaults:3 | Found a staircase to the Crypt.
 86399 | Vaults:4 | Identified the +1 hat "Dugorruv" {Rampage rC- Will- Dex+6}
 86400 | Vaults:4 | Identified the +0 robe "Nesocre" {rCorr Str+4 Stlth+}
 86425 | Vaults:4 | Found a radiant altar of Vehumet.
 86426 | Vaults:4 | Found the +4 robe of Folly {Brilliance Will-∞ Int+8}
 86458 | Vaults:4 | Identified the +1 robe "Kewule" {rF- rC+ Str+4}
 87023 | Elf:1    | Entered Level 1 of the Elven Halls
 87166 | Elf:1    | Found a radiant altar of Vehumet.
 87256 | Elf:1    | Found Lurphev's Firing Range.
 87622 | Elf:1    | Identified the +10 sling of Raitz {drain, Str+4 Int+4 SInv}
 88667 | Elf:2    | Reached XP level 21. HP: 171/177 MP: 20/38
 89323 | Elf:2    | Found Punwiz's Self-Improvement Boutique.
 89437 | Elf:2    | Found a runed translucent gate.
 89437 | Elf:2    | Found a runed translucent gate.
 89437 | Elf:2    | Found a runed translucent gate.
 89517 | Elf:2    | Found Viec's Weapon Boutique.
 90537 | Elf:3    | Entered Level 3 of the Elven Halls
 90818 | Elf:3    | Found Pyatosk's Weapon Shoppe.
 91176 | Elf:3    | Identified the +1 morningstar of the Wheel {drain, Fragile
                  | Int+3 Dex+3}
 91588 | Elf:3    | Identified the +0 sling of the Moth {freeze, rF++}
 91929 | Elf:3    | Identified the +2 ring mail "Neigros" {Int+3}
 92015 | Elf:3    | Identified the amulet of the Tarantula {Spirit Contam rPois
                  | rF+}
 92530 | Elf:3    | Identified the ring "Kalesm" {Ice rElec rPois Int+6 Stlth+}
 92555 | Elf:3    | Identified the +6 dagger of Quick Death {drain, Int+3}
 93002 | Lair:1   | Upgraded the game from 0.30-a0-475-g03497ec522 to
                  | 0.30-a0-476-g330ca2eb8e
 93006 | Lair:1   | Bought the amulet of the Four Winds {rN+ Will+++ Clar} for
                  | 910 gold pieces
 93006 | Lair:1   | Found the amulet of the Four Winds {rN+ Will+++ Clar}
 93121 | Slime:1  | Entered Level 1 of the Pits of Slime
 93638 | Slime:3  | Gained mutation: You have hidden genetic defects. [a
                  | shining eye]
 94581 | Slime:3  | Reached XP level 22. HP: 134/187 MP: 33/40
 95048 | Slime:3  | Gained mutation: Your magical capacity is low. (-10% MP)
                  | [hidden defects]
 95741 | Slime:5  | Entered Level 5 of the Pits of Slime
 96015 | Slime:5  | Gained mutation: Your muscles are strong. (Str +4, Int/Dex
                  | -1) [a shining eye]
 96126 | Slime:5  | Reached skill level 15 in Spellcasting
 96142 | Slime:5  | Noticed the Royal Jelly
 96153 | Slime:5  | HP: 9/188 [the Royal Jelly (13)]
 96648 | Slime:5  | Gained mutation: Your body often deteriorates upon taking
                  | damage. [hidden defects]
 96648 | Slime:5  | Lost mutation: You have hidden genetic defects. [hidden
                  | defects expressed]
 97594 | Slime:5  | Lost mutation: Your muscles are strong. (Str +4, Int/Dex
                  | -1) [a shining eye]
 97598 | Slime:5  | Found a viscous altar of Jiyva.
 97904 | Lair:4   | Fell from the grace of Gozag
 97904 | Lair:4   | Became a worshipper of Jiyva Jickaun the Shapeless
 98376 | D:13     | Found a runed translucent gate.
 98376 | D:13     | Found a runed translucent gate.
 98381 | D:13     | Noticed MrSquiggles's ghost (journeyman TrFi)
 98384 | D:13     | Found a runed translucent gate.
 98384 | D:13     | Found the +3 pair of seven-league boots {Rampage+∞}
 98394 | D:13     | Gained mutation: You are very clumsy. (Dex -4) [a neqoxec]
 98406 | D:13     | Killed MrSquiggles's ghost
 98757 | Crypt:1  | Entered Level 1 of the Crypt
 98803 | Crypt:1  | Noticed Boris
 99073 | Crypt:1  | Killed Boris
 99846 | Crypt:1  | Reached skill level 15 in Unarmed Combat
100265 | Crypt:1  | Reached * piety under Jiyva
100700 | Crypt:2  | Reached XP level 23. HP: 123/196 MP: 38/38
100846 | Crypt:2  | Reached ** piety under Jiyva
101555 | Crypt:3  | Entered Level 3 of the Crypt
101747 | Crypt:3  | Reached *** piety under Jiyva
101747 | Crypt:3  | Lost mutation: Your body often deteriorates upon taking
                  | damage. [Jiyva's grace]
101747 | Crypt:3  | Lost mutation: Your magical capacity is low. (-10% MP)
                  | [Jiyva's grace]
101747 | Crypt:3  | Gained mutation: You have acidic saliva. [Jiyva's grace]
101747 | Crypt:3  | Gained mutation: You are covered in slimy tendrils that may
                  | disarm your opponents. [Jiyva's grace]
101747 | Crypt:3  | Gained mutation: You are strong-willed. (Will+) [Jiyva's
                  | grace]
101747 | Crypt:3  | Gained mutation: You are highly strong-willed. (Will++)
                  | [Jiyva's grace]
101938 | Crypt:3  | Noticed a royal mummy
101939 | Crypt:3  | Noticed Khufu
102214 | Crypt:3  | Identified the amulet of the Evening {-Tele rF+++ Regen+
                  | Int-2 Dex+9}
102214 | Crypt:3  | Noticed Jory
102224 | Crypt:3  | Identified the ring of the Vendetta {rN+ Will+ Dex+2}
102230 | Crypt:3  | Killed Jory
102363 | Crypt:3  | Found a basalt altar of Yredelemnul.
102379 | Crypt:3  | Identified the ring "Lifyzej" {rN+ Int+3}
102653 | Crypt:3  | Got the Compendium of the Mausoleum
103008 | Crypt:3  | Noticed Xtahua
103016 | Crypt:3  | Killed Xtahua
103213 | Crypt:3  | Killed a royal mummy
103531 | Crypt:3  | Killed Khufu
103628 | Crypt:3  | Found a staircase to the Tomb.
103633 | Tomb:1   | Entered Level 1 of the Tomb of the Ancients
103866 | Tomb:1   | Reached **** piety under Jiyva
103987 | Tomb:1   | Reached XP level 24. HP: 195/208 MP: 43/43
104165 | Tomb:1   | Noticed a royal mummy
104273 | Tomb:1   | Killed a royal mummy
105162 | Depths:1 | Entered Level 1 of the Depths
105205 | Depths:2 | Noticed Asterion
105437 | Depths:1 | Found a gateway to Hell.
105545 | Depths:1 | Found an ornate altar of the Wu Jian Council.
105633 | Depths:1 | Was forgiven by Gozag
105687 | Depths:1 | Reached ***** piety under Jiyva
105779 | Depths:1 | Lost mutation: You are very clumsy. (Dex -4) [Jiyva's
                  | grace]
105779 | Depths:1 | Lost mutation: You have acidic saliva. [Jiyva's grace]
105779 | Depths:1 | Gained mutation: Your flesh is heat resistant. (rF+)
                  | [Jiyva's grace]
105779 | Depths:1 | Gained mutation: Your flesh is very heat resistant. (rF++)
                  | [Jiyva's grace]
105779 | Depths:1 | Gained mutation: Your flesh is almost immune to the effects
                  | of heat. (rF+++) [Jiyva's grace]
105779 | Depths:1 | Gained mutation: Your system is resistant to poisons.
                  | (rPois) [Jiyva's grace]
106035 | Depths:2 | Noticed the Enchantress
106103 | Depths:2 | Found a one-way gate to the infinite horrors of the Abyss.
106165 | Depths:2 | Found a one-way gateway to a ziggurat.
106237 | Depths:2 | Killed the Enchantress
106531 | Depths:2 | Killed Asterion
106738 | Depths:2 | Found a one-way gate leading to the halls of Pandemonium.
106873 | Depths:2 | Noticed a juggernaut
106886 | Depths:2 | Killed a juggernaut
107828 | Depths:3 | Found Amnekiel's Antique Weapon Shoppe.
108058 | Depths:3 | Noticed Louise
108107 | Depths:3 | Killed Louise
108130 | Depths:3 | Reached ****** piety under Jiyva
108134 | Depths:3 | Lost mutation: You are clumsy. (Dex -2) [Jiyva's grace]
108134 | Depths:3 | Lost mutation: Your body sometimes deteriorates upon taking
                  | damage. [Jiyva's grace]
108134 | Depths:3 | Lost mutation: Your flesh is almost immune to the effects
                  | of heat. (rF+++) [Jiyva's grace]
108134 | Depths:3 | Lost mutation: Your flesh is very heat resistant. (rF++)
                  | [Jiyva's grace]
108134 | Depths:3 | Lost mutation: You are highly strong-willed. (Will++)
                  | [Jiyva's grace]
108134 | Depths:3 | Gained mutation: Armour fits poorly on your pseudopods.
                  | [Jiyva's grace]
108134 | Depths:3 | Gained mutation: Armour fits poorly on your large
                  | pseudopods. [Jiyva's grace]
108134 | Depths:3 | Gained mutation: Armour fits poorly on your massive
                  | pseudopods. [Jiyva's grace]
108134 | Depths:3 | Gained mutation: You have acidic saliva. [Jiyva's grace]
108155 | Depths:3 | Reached XP level 25. HP: 195/219 MP: 43/43
108280 | Depths:3 | Noticed a juggernaut
108289 | Depths:3 | Killed a juggernaut
108434 | Depths:3 | Found the +3 giant club "Skullcrusher" {speed, Str+7}
108796 | Depths:4 | Entered Level 4 of the Depths
109020 | Depths:4 | Reached skill level 27 in Dodging
109059 | Depths:4 | Noticed Frederick
109065 | Depths:4 | Killed Frederick
109145 | Depths:4 | Found Ifaoxzoi's Antique Armour Shop.
109152 | Depths:4 | Found Jezav's Antique Armour Boutique.
109359 | Depths:4 | Identified the +2 helmet of the Slightly Bent {+Inv MP-9
                  | Str-3 Int+10}
109457 | Depths:4 | Found Big Baal Hell's Store.
109542 | Depths:4 | Noticed Boris
109552 | Depths:4 | Killed Boris
109559 | Depths:4 | Found a gate to the Realm of Zot.
110518 | Slime:5  | Found the +8 Vampire's Tooth {vamp}
110543 | Slime:5  | Identified the +1 ring mail of the Sacrificial Victim
                  | {Drain rElec rC+ Int+5 Stlth+}
110554 | Slime:5  | Got a slimy rune of Zot
110564 | Slime:5  | Identified the +3 whip of Zirphueny {freeze, Int+4}
110575 | Slime:5  | Identified the +13 chain mail "Jocsabadgh" {Rampage rElec}
110578 | Slime:5  | Identified the +6 great mace "Plog" {holy, rPois rCorr MP+9
                  | Int-4}
110585 | Slime:5  | Identified the +7 long sword "Ziseigh" {venom, Drain rCorr
                  | Str+4 Dex+3}
111259 | Zot:1    | Entered Level 1 of the Realm of Zot
111259 | Zot:1    | Noticed an ancient lich
111259 | Zot:1    | Noticed a Killer Klown
111270 | Zot:1    | Noticed a Killer Klown
111278 | Depths:4 | Killed an ancient lich
111384 | Depths:4 | Killed a Killer Klown
111411 | Zot:1    | Killed a Killer Klown
111413 | Zot:1    | Gained mutation: You are agile. (Dex +4, Str/Int -1)
                  | [Jiyva's grace]
111413 | Zot:1    | Gained mutation: You are very agile. (Dex +8, Str/Int -2)
                  | [Jiyva's grace]
111413 | Zot:1    | Gained mutation: You are partially covered in iridescent
                  | scales. (AC +2) [Jiyva's grace]
111413 | Zot:1    | Gained mutation: You are mostly covered in iridescent
                  | scales. (AC +4) [Jiyva's grace]
111436 | Zot:1    | Noticed an orb of fire
111504 | Zot:1    | Lost mutation: You are covered in slimy tendrils that may
                  | disarm your opponents. [an orb of fire]
111513 | Depths:4 | Killed an orb of fire
111888 | Zot:1    | Reached XP level 26. HP: 128/231 MP: 43/43
113123 | Zot:2    | Noticed an orb of fire
113133 | Zot:2    | Killed an orb of fire
113242 | Zot:3    | Lost mutation: Your flesh is heat resistant. (rF+) [Jiyva's
                  | grace]
113242 | Zot:3    | Lost mutation: Armour fits poorly on your massive
                  | pseudopods. [Jiyva's grace]
113242 | Zot:3    | Gained mutation: You are robust. (+10% HP) [Jiyva's grace]
113242 | Zot:3    | Gained mutation: You are very robust. (+20% HP) [Jiyva's
                  | grace]
113242 | Zot:3    | Gained mutation: You are extremely robust. (+30% HP)
                  | [Jiyva's grace]
113242 | Zot:3    | Gained mutation: You have supernaturally acute eyesight.
                  | (SInv) [Jiyva's grace]
113348 | Zot:3    | Noticed Vv
113424 | Zot:2    | HP: 7/305 [Vv (12)]
113602 | Zot:2    | Killed Vv
114172 | Zot:3    | Noticed a Killer Klown
114179 | Zot:3    | Killed a Killer Klown
114765 | Zot:4    | Noticed a shard shrike
114836 | Zot:4    | Killed a shard shrike
115306 | Zot:4    | Reached XP level 27. HP: 318/318 MP: 43/43
115904 | Zot:4    | Lost mutation: You have a beak for a mouth. [Jiyva's grace]
115904 | Zot:4    | Lost mutation: You are mostly covered in iridescent scales.
                  | (AC +4) [Jiyva's grace]
115904 | Zot:4    | Lost mutation: You are very agile. (Dex +8, Str/Int -2)
                  | [Jiyva's grace]
115904 | Zot:4    | Lost mutation: You are strong-willed. (Will+) [Jiyva's
                  | grace]
115904 | Zot:4    | Lost mutation: Your system is resistant to poisons. (rPois)
                  | [Jiyva's grace]
115904 | Zot:4    | Lost mutation: You are extremely robust. (+30% HP) [Jiyva's
                  | grace]
115904 | Zot:4    | Lost mutation: You are very robust. (+20% HP) [Jiyva's
                  | grace]
115904 | Zot:4    | Lost mutation: You are robust. (+10% HP) [Jiyva's grace]
115904 | Zot:4    | Lost mutation: Armour fits poorly on your large pseudopods.
                  | [Jiyva's grace]
115904 | Zot:4    | Gained mutation: Your mind is very acute. (Int +8, Str/Dex
                  | -2) [Jiyva's grace]
115904 | Zot:4    | Gained mutation: You are covered in slimy tendrils that may
                  | disarm your opponents. [Jiyva's grace]
115904 | Zot:4    | Gained mutation: Your movements are slightly less
                  | encumbered by armour. (ER -2) [Jiyva's grace]
115904 | Zot:4    | Gained mutation: Your movements are less encumbered by
                  | armour. (ER -4) [Jiyva's grace]
116098 | Zot:5    | Entered Level 5 of the Realm of Zot
116130 | Zot:5    | Noticed an orb of fire
116135 | Zot:5    | Gained mutation: You are frail. (-10% HP) [an orb of fire]
116136 | Zot:5    | Lost mutation: You are agile. (Dex +4, Str/Int -1) [an orb
                  | of fire]
116139 | Zot:5    | Gained mutation: You are very frail. (-20% HP) [an orb of
                  | fire]
116141 | Zot:5    | Killed an orb of fire
116661 | Zot:5    | Noticed an ancient lich
116662 | Zot:5    | Noticed an ancient lich
116680 | Zot:5    | Killed an ancient lich
116746 | Zot:5    | Noticed a dread lich
116749 | Zot:5    | Noticed an orb of fire
116753 | Zot:5    | Killed a dread lich
116762 | Zot:5    | Killed an orb of fire
116788 | Zot:5    | Reached skill level 27 in Fighting
116973 | Zot:5    | Killed an ancient lich
117212 | Zot:5    | Noticed an ancient lich
117215 | Zot:5    | Noticed an ancient lich
117219 | Zot:5    | Killed an ancient lich
117224 | Zot:5    | Killed an ancient lich
117228 | Zot:5    | Noticed an orb of fire
117238 | Zot:5    | Killed an orb of fire
117366 | Zot:5    | Noticed an ancient lich
117383 | Zot:5    | Killed an ancient lich
117389 | Zot:5    | Noticed an ancient lich
117392 | Zot:5    | Noticed a dread lich
117395 | Zot:5    | Killed an ancient lich
117405 | Zot:5    | Killed a dread lich
117411 | Zot:5    | Noticed a dread lich
117415 | Zot:5    | Killed a dread lich
117765 | Zot:5    | Got the Orb of Zot
118508 | D:$      | Escaped with the Orb!

Illustrated notes

Levels and vault maps discovered:
D:1:      dpeg_arrival_renting, layout_loops_ring, st_stairs_7
D:2:      layout_loops_corners
D:3:      layout_basic, mainiacjoe_overflow_24_doors, gup_sewer_entry_pipe,
          serial_shops, shop, shop, nicolae_square_shop, shop, uniq_terence,
          uniq_sigmund
D:4:      layout_loops_ring, zin_purify, kennysheep_generic_room_12
D:5:      layout_loops_cross
D:6:      layout_rooms, minmay_ruffians
D:7:      layout_rooms, kennysheep_little_box, nicolae_elyvilon_temple_path,
          minmay_temple_entry_statues_fountains
D:8:      layout_loops_corners, mainiacjoe_overflow_tiny_flanked,
          hellmonk_lair_entry_icy, uniq_psyche
D:9:      layout_loops_ring, nicolae_hepliaklqana_monster_ancestors,
          centaur_isle
D:10:     layout_basic, david_orc_5, kennysheep_generic_room_8
D:11:     layout_basic, minmay_misc_feat_ornament,
          minmay_shop_enchanted_jewellery, minmay_ruined_shrine, uniq_grum
D:12:     layout_rooms, cheibrodos_ashenzari_chains
D:13:     layout_loops_ring, serial_shops, shop, shop,
          ploomutoo_gammafunk_ghost_potion_laboratory
D:14:     layout_stronghold, grunt_vaults_entry_fortified, lemuel_tele_altar
D:15:     grunt_enter_depths_snipers, layout_grid_maze, glass_columns_a
Temple:   compressed_dpeg_triangle_lava_temple
Lair:1:   layout_roguey, serial_bayou_lagoon_a, pond, serial_bayou_shore_b
Lair:2:   layout_cave_pods, shoals_dummy_entry, spider_nest_entry_funnel_web,
          serial_bayou_pond_d
Lair:3:   layout_gridlike, special_room [special_room_mythical_zoo],
          serial_rivers, chequers_serial_rivers_small_b,
          chequers_serial_rivers_small_3, chequers_serial_rivers_micro_e,
          chequers_serial_rivers_room_b, chequers_serial_rivers_large_b,
          chequers_serial_rivers_small_3
Lair:4:   layout_regular_city, minmay_slime_entry_jelly_boxes,
          nicolae_volcano_entry_hallway
Lair:5:   evilmike_catoblepas_cave, layout_regular_city, uniq_nessos
Shoals:1: layout_shoals, serial_shops, nicolae_take_the_stairs
Shoals:2: layout_shoals
Shoals:3: layout_shoals, nicolae_shoals_nautilus_by_nature
Shoals:4: shoals_end_grunt_ice, layout_shoals
Spider:1: layout_spider_delve, uniq_azrael, uniq_donald
Spider:2: layout_spider_delve, nicolae_spider_scorpion_nest
Spider:3: layout_cave_pods, uniq_mlioglotl
Spider:4: grunt_spider_rune_parallel
Slime:1:  cheibrodos_slime_lost_civilization_9, layout_caves,
          nicolae_slime_barrier
Slime:2:  layout_caves
Slime:3:  layout_caves
Slime:4:  layout_caves
Slime:5
Orc:1:    layout_diamond_mine, uniq_fannar, uniq_maurice
Orc:2:    st_orc_rangers, layout_diamond_mine, gauntlet_entry_generic,
          uniq_erolcha, uniq_sonja
Elf:1:    layout_geoelf_grid, minmay_elf_crystal_hexagon, lemuel_statue_altar,
          nicolae_shop_firing_range
Elf:2:    nicolae_elf_blades_splatter_lattice [nicolae_blade_little_rooms],
          layout_gridlike, serial_shops, nicolae_shop_bloodbath_and_beyond,
          nicolae_shop_self_help
Elf:3:    minmay_elf_hall, layout_onion_city, serial_shops, shop,
          hangedman_elven_pyramids
Vaults:1: v_pattern_1, serial_ice_b, v_misc_24, ontoclasm_vaults_shuriken,
          grunt_vaults_funnel, grunt_vaults_twisty, ontoclasm_vaults_hangar,
          hangedman_vaults_variations, ontoclasm_vaults_claustrophobia,
          grunt_vaults_hallway_long, nicolae_vaults_murderbox,
          nicolae_vaults_mini_display_case, vaults_room_door_ring,
          nicolae_vaults_alarming, layout_vaults_ring
Vaults:2: nicolae_vaults_rhombus_6, ontoclasm_vaults_pinch, v_alt_pattern_6,
          hangedman_vaults_capsules, v_misc_22, nicolae_vaults_theta,
          ontoclasm_vaults_misaligned, vaults_room_pools,
          ontoclasm_vaults_hangar, nicolae_vaults_little_squares_1, v_misc_10,
          special_room_vaults [special_room_orc], hangedman_vaults_impose,
          layout_vaults_big_cross, serial_shops,
          nicolae_shop_temple_entry_statues_fountains
Vaults:3: v_misc_28, nicolae_vaults_shelves_hall, vaults_standard_mumra_lines,
          blue_anna_dwarven_crypt, ontoclasm_vaults_tryst, v_misc_12,
          ontoclasm_vaults_ligature, layout_vaults_omnigrid, serial_shops, shop,
          shop, shop, nicolae_square_shop
Vaults:4: v_alt_pattern_6, vaults_mumra_hexcomb, grunt_tower_of_power,
          vaults_dpeg_spiral, hangedman_vaults_nails, hangedman_vaults_impose,
          v_misc_3, nicolae_vaults_little_squares_2,
          nicolae_vaults_border_crossing, ontoclasm_vaults_chip,
          layout_vaults_maze
Crypt:1:  layout_regular_city, grunt_crypt_arrival_webbed, uniq_boris
Crypt:2:  layout_regular_city
Crypt:3:  church_of_pain_bobbens, layout_chaotic_city,
          nicolae_tomb_entry_grand_gallery, uniq_xtahua, uniq_khufu
Tomb:1
Depths:1: layout_forbidden_donut, hell_entry, minmay_door_square,
          kennysheep_cross_bottleneck, nzn_wu_jian_contemplation
Depths:2: minmay_connected_boxes_in_corner, layout_small_grid, enter_ziggurat_b,
          abyss_entry, hangedman_coc_ice_floe, pan_entry,
          minmay_misc_feat_alley, infiniplex_staircase_spiral, uniq_enchantress,
          uniq_asterion
Depths:3: minmay_nine_rooms, layout_gridlike, hell_entry,
          nicolae_abyss_entry_one_way_or_another, serial_shops,
          nicolae_shop_trees, grunt_decor_fettered
Depths:4: grunt_zot_entry_bicorn, layout_gridlike, minmay_tree_intersection,
          nicolae_hell_entry_big_baal_hell, serial_bayou_shore_b,
          minmay_shoptagon, uniq_frederick, uniq_grunn
Zot:1:    ebering_klown_carousel, layout_gridville, grunt_ministairs_11
Zot:2:    layout_cellular_growth, st_stairs_13
Zot:3:    lemuel_draconian_sentries_small, layout_misc_corridors, uniq_vv
Zot:4:    layout_cathedral_of_symmetry, grunt_ministairs_13,
          hangedman_elemental_grid_stream
Zot:5:    layout_misc_corridors, st_stairs_11

Skill      XL: |  1  2  3  4  5  6  7  8  9 10 11 12 13 14 15 16 17 18 19 20 21 22 23 24 25 26 27 |
---------------+----------------------------------------------------------------------------------+-----
Spellcasting   | 3 4 5 6 7 8 9 10 11 12 13 14 15 16 | 16.0
Summonings     | 5 6 7 8 10 11 | 11.5
Hexes          | 1 2 3 4 5 |  5.0
Dodging        | 3 5 6 8 10 12 14 16 17 18 20 21 22 23 24 26 27 | 27.0
Fighting       | 1 3 4 6 8 9 12 13 14 15 17 18 19 20 21 22 24 26 27 | 27.0
Air Magic      | 1 2 3 5 6 9 11 12 | 12.2
Shields        | 1 3 |  3.0
Translocations | 3 5 |  5.0
Transmutations | 4 11 15 17 18 | 18.0
Unarmed Combat | 4 7 10 12 13 15 17 18 20 23 26 | 26.7
Stealth        | |  2.1

Action                   |  1- 3 |  4- 6 |  7- 9 | 10-12 | 13-15 | 16-18 | 19-21 | 22-24 | 25-27 || total
-------------------------+-------+-------+-------+-------+-------+-------+-------+-------+-------++-------
Melee: Unarmed           |    17 |     3 |    16 |    53 |     5 |  1252 |   795 |  1040 |   880 ||  4061
       Staff             |       |       |       |       |    18 |    20 |     9 |    11 |    10 ||    68
       Punch             |       |       |       |       |       |    40 |    91 |   143 |   175 ||   449
       Peck              |       |       |       |       |       |     1 |     3 |     4 |     1 ||     9
       Bite              |       |       |       |       |       |       |       |       |     1 ||     1
       Pseudopods        |       |       |       |       |       |       |       |       |     1 ||     1
 Cast: Summon Small Mamm |    76 |    18 |    67 |    79 |    71 |     2 |       |       |       ||   313
       Call Canine Famil |     2 |    17 |    58 |   100 |   159 |    40 |     7 |     5 |       ||   388
       Call Imp          |     1 |     9 |    33 |    43 |    40 |     1 |       |       |       ||   127
       Summon Guardian G |       |       |    12 |    67 |   107 |    27 |     5 |     1 |       ||   219
       Summon Lightning  |       |       |       |    16 |   108 |    26 |     6 |       |       ||   156
       Summon Forest     |       |       |       |    18 |    78 |    43 |    28 |    36 |     3 ||   206
       Storm Form        |       |       |       |       |       |   190 |   132 |   103 |    86 ||   511
       Manifold Assault  |       |       |       |       |       |   232 |    28 |    37 |    20 ||   317
       Summon Cactus Gia |       |       |       |       |       |     1 |    30 |    31 |     4 ||    66
       Blink             |       |       |       |       |       |       |       |     1 |       ||     1
Invok: Call Merchant     |       |       |       |     2 |     2 |     3 |     3 |       |       ||    10
 Abil: Blinkbolt         |       |       |       |       |       |     3 |    26 |     9 |     5 ||    43
Evoke: Wand              |       |       |       |       |       |       |       |       |     1 ||     1
  Use: Potion            |       |     1 |       |       |     4 |     7 |     3 |     1 |     3 ||    19
       Scroll            |       |       |       |    24 |    10 |     6 |       |     8 |     5 ||    53
 Stab: Distracted        |       |       |     1 |     2 |       |    16 |    15 |    10 |     2 ||    46
       Sleeping          |       |       |       |       |       |     4 |     5 |       |     2 ||    11
       Confused          |       |       |       |       |       |       |       |     1 |       ||     1
Armor: Robe              |    12 |     5 |    24 |    15 |    35 |    14 |     1 |       |       ||   106
       Skin              |       |       |       |       |       |   280 |   134 |   198 |   162 ||   774
       Acid dragon scale |       |       |       |       |       |       |       |       |     3 ||     3
Dodge: Dodged            |    78 |    45 |    89 |   180 |   202 |  2088 |   978 |  1123 |  1089 ||  5872
Block: Kite shield       |       |       |    48 |   113 |   117 |     5 |       |       |       ||   283

Table legend: (Time is in decaauts)
 A = Elapsed time spent in this place.
 B = Non-inter-level travel time spent in this place.
 C = Inter-level travel time spent in this place.
 D = Time resting spent in this place.
 E = Time spent auto-exploring this place.
 F = Levels seen in this place.
 G = Mean time per level.
                   A        B        C        D        E       F      G
               +--------+--------+--------+--------+--------+-----+--------+
         Total | 117331 | 109955 |   7376 |  39623 |  47571 |  59 | 1988.7 |
       Dungeon |  28253 |  25288 |   2965 |   7438 |  12522 |  15 | 1883.5 |
        Temple |     12 |      6 |      6 |      0 |      0 |   1 |   12.0 |
          Lair |  12647 |  11301 |   1346 |   4388 |   5054 |   5 | 2529.4 |
        Shoals |  13949 |  13672 |    277 |   7323 |   4481 |   4 | 3487.2 |
   Spider Nest |  15378 |  14674 |    704 |   9044 |   2382 |   4 | 3844.5 |
    Slime Pits |   5184 |   5035 |    149 |   2245 |   1530 |   5 | 1036.8 |
  Orcish Mines |   5178 |   4891 |    287 |   2500 |   1569 |   2 | 2589.0 |
   Elven Halls |   5706 |   5498 |    208 |   1021 |   3336 |   3 | 1902.0 |
        Vaults |  11009 |  10402 |    607 |   2024 |   6774 |   4 | 2752.2 |
         Crypt |   4580 |   4465 |    115 |    577 |   2821 |   3 | 1526.7 |
          Tomb |   1107 |    985 |    122 |     94 |    217 |   1 | 1107.0 |
        Depths |   5116 |   4805 |    311 |    575 |   3184 |   4 | 1279.0 |
           Zot |   6145 |   5871 |    274 |   1041 |   3034 |   5 | 1229.0 |
         Sewer |   1027 |   1027 |      0 |     84 |    515 |   1 | 1027.0 |
       Volcano |    600 |    600 |      0 |    321 |     52 |   1 |  600.0 |
      Gauntlet |   1433 |   1433 |      0 |    948 |     97 |   1 | 1433.0 |
               +--------+--------+--------+--------+--------+-----+--------+

Top non-repeatable levels by time:
Shoals:3: 5509 daAuts
Spider:1: 4921 daAuts
Spider:3: 4876 daAuts
Shoals:4: 4029 daAuts
    D:14: 3679 daAuts
   Orc:2: 3540 daAuts
Vaults:3: 3421 daAuts
Spider:4: 3415 daAuts
     D:8: 3261 daAuts
  Lair:2: 3108 daAuts
  Lair:5: 2974 daAuts
  Lair:3: 2910 daAuts
Vaults:1: 2809 daAuts
     D:5: 2794 daAuts
Vaults:4: 2643 daAuts
